TOP OF THE 1ST |
Los Angeles Bruins batting - Pitching for Boston Rebels : LHP Dave Huot
|
Pitching: LHP Dave Huot
|
|
Batting: SHB Ramón Lugo
|
0-0: Called Strike 0-1: Ball 1-1: Called Strike 1-2: Ball 2-2: Ball 3-2: Foul Ball, location: 2F 3-2: Base on Balls
|
Batting: RHB Tom Doherty
|
0-0: Ground out 3-1 (Groundball, 34) Ramón Lugo to second
|
Batting: LHB Richard Hunter
|
0-0: Ball 1-0: Called Strike 1-1: Ball 2-1: Swinging Strike 2-2: Foul Ball, location: 2F 2-2: Ball 3-2: Foul Ball, location: 2F 3-2: Strikes out swinging
|
Batting: RHB Rubén Calderón
|
0-0: Ball 1-0: DOUBLE (Line Drive, 78XD) Ramón Lugo scores
|
Batting: RHB Morgan Gibbon
|
0-0: Foul Ball, location: 2F 0-1: Swinging Strike 0-2: SINGLE (Groundball, 34) Rubén Calderón to third Runner from 3rd tries for Home, SAFE, no throw or cutoff
|
Batting: LHB José Antonio Santiago
|
0-0: Ball 1-0: Called Strike 1-1: Fly out, F6 (Popup, 6)
|
Top of the 1st over - 2 run(s), 2 hit(s), 0 error(s), 1 left on base; Los Angeles 2 - Boston 0 |
BOTTOM OF THE 1ST |
Boston Rebels batting - Pitching for Los Angeles Bruins : LHP Ramiro Jiménez
|
Pitching: LHP Ramiro Jiménez
|
|
Batting: LHB Bill Wilson
|
0-0: Called Strike 0-1: Ball 1-1: Fly out, F8 (Flyball, 8LM)
|
Batting: SHB Álex Rosado
|
0-0: Called Strike 0-1: Ball 1-1: Foul Ball, location: 2F 1-2: Ball 2-2: SINGLE (Flyball, 9LS)
|
Batting: RHB Ronnie Brown
|
0-0: Ball 1-0: Foul Ball, location: 2F 1-1: Swinging Strike Álex Rosado steals 2nd base 1-2: Strikes out swinging
|
Batting: LHB Bill Wilson
|
0-0: DOUBLE (Line Drive, 3D) Álex Rosado scores
|
Batting: LHB Stanley Mullins
|
0-0: Ball 1-0: Called Strike 1-1: Ball 2-1: Called Strike 2-2: Ground out 4-3 (Groundball, 34)
|
Bottom of the 1st over - 1 run(s), 2 hit(s), 0 error(s), 1 left on base; Los Angeles 2 - Boston 1 |
TOP OF THE 2ND |
Los Angeles Bruins batting - Pitching for Boston Rebels : LHP Dave Huot
|
Batting: RHB Gregg Nelson
|
0-0: SINGLE (Line Drive, 34)
|
Batting: SHB Miguel González
|
0-0: Foul Ball, location: 2F 0-1: Ball 1-1: Foul Ball, location: 2F 1-2: Fly out, F6 (Popup, 6)
|
Batting: RHB Shih-k'ai Huang
|
0-0: Called Strike 0-1: Ball 1-1: Ball 2-1: Swinging Strike 2-2: Foul Ball, location: 2F 2-2: Foul Ball, location: 2F 2-2: Fly out, F7 (Flyball, 7M) 2-2: Fly out, F7 (Flyball, 7M)
|
Batting: SHB Ramón Lugo
|
0-0: Called Strike 0-1: Foul Ball, location: 2F 0-2: Ball 1-2: Ball 2-2: Ball 3-2: Base on Balls Gregg Nelson to second
|
Batting: RHB Tom Doherty
|
0-0: Fly out, F9 (Flyball, 9M)
|
Top of the 2nd over - 0 run(s), 1 hit(s), 0 error(s), 2 left on base; Los Angeles 2 - Boston 1 |
BOTTOM OF THE 2ND |
Boston Rebels batting - Pitching for Los Angeles Bruins : LHP Ramiro Jiménez
|
Batting: LHB Lorenzo Flores
|
0-0: Swinging Strike 0-1: Swinging Strike 0-2: Strikes out looking
|
Batting: SHB Javier Villegas
|
0-0: Ball 1-0: Ball 2-0: Foul Ball, location: 2F 2-1: Ball 3-1: Called Strike 3-2: Base on Balls
|
Batting: RHB Rubén Matos
|
0-0: Called Strike 0-1: Grounds into double play, 6-4-3 (Groundball, 6M)
|
Bottom of the 2nd over - 0 run(s), 0 hit(s), 0 error(s), 0 left on base; Los Angeles 2 - Boston 1 |
TOP OF THE 3RD |
Los Angeles Bruins batting - Pitching for Boston Rebels : LHP Dave Huot
|
Batting: LHB Richard Hunter
|
0-0: Called Strike 0-1: Ball 1-1: Foul Ball, location: 2F 1-2: Ball 2-2: Foul Ball, location: 2F 2-2: Ball 3-2: Strikes out looking
|
Batting: RHB Rubén Calderón
|
0-0: Called Strike 0-1: Called Strike 0-2: Strikes out swinging
|
Batting: RHB Morgan Gibbon
|
0-0: Called Strike 0-1: Ball 1-1: SOLO HOME RUN (Flyball, 9D), Distance : 403 ft
|
Batting: LHB José Antonio Santiago
|
0-0: Called Strike 0-1: Called Strike 0-2: Fly out, F8 (Flyball, 8RM)
|
Top of the 3rd over - 1 run(s), 1 hit(s), 0 error(s), 0 left on base; Los Angeles 3 - Boston 1 |
BOTTOM OF THE 3RD |
Boston Rebels batting - Pitching for Los Angeles Bruins : LHP Ramiro Jiménez
|
Batting: LHB Jeff Gordon
|
0-0: Called Strike 0-1: Swinging Strike 0-2: Ball 1-2: Foul Ball, location: 2F 1-2: Ball 2-2: Ball 3-2: Strikes out swinging
|
Batting: LHB Bill Wilson
|
0-0: Ball 1-0: Ball 2-0: Called Strike 2-1: SINGLE (Line Drive, 9S)
|
Batting: SHB Álex Rosado
|
0-0: Ball 1-0: Ball 2-0: Called Strike 2-1: Fly out, F5 (Popup, 15S)
|
Batting: RHB Ronnie Brown
|
0-0: Ball 1-0: Called Strike 1-1: Foul Ball, location: 2F 1-2: Ball 2-2: Fly out, F3 (Popup, 4S)
|
Bottom of the 3rd over - 0 run(s), 1 hit(s), 0 error(s), 1 left on base; Los Angeles 3 - Boston 1 |
TOP OF THE 4TH |
Los Angeles Bruins batting - Pitching for Boston Rebels : LHP Dave Huot
|
Batting: RHB Gregg Nelson
|
0-0: Called Strike 0-1: Called Strike 0-2: Foul Ball, location: 2F 0-2: Ball 1-2: Ball 2-2: Ball 3-2: Foul Ball, location: 2F 3-2: Reached on error, E6 (Groundball, 6)
|
Batting: SHB Miguel González
|
0-0: Called Strike 0-1: Ball 1-1: Called Strike 1-2: Foul Ball, location: 2F 1-2: Foul Ball, location: 2F 1-2: Foul Ball, location: 2F 1-2: Foul Ball, location: 2F 1-2: SINGLE (Line Drive, 6D) Gregg Nelson to third
|
Batting: RHB Shih-k'ai Huang
|
0-0: Foul Ball, location: 2F 0-1: Called Strike 0-2: Ball Miguel González is caught stealing 2nd base 1-2: Foul Ball, location: 2F 1-2: Ball 2-2: Ball 3-2: Foul Ball, location: 2F 3-2: 2-RUN HOME RUN (Flyball, 78XD), Distance : 426 ft
|
Batting: SHB Ramón Lugo
|
0-0: Ball 1-0: Swinging Strike 1-1: Ball 2-1: Foul Ball, location: 2F 2-2: Strikes out swinging
|
Batting: RHB Tom Doherty
|
0-0: SINGLE (Line Drive, 56D)
|
Batting: LHB Richard Hunter
|
0-0: Ball 1-0: Fly out, F8 (Popup, 6MD)
|
Top of the 4th over - 2 run(s), 3 hit(s), 1 error(s), 1 left on base; Los Angeles 5 - Boston 1 |
BOTTOM OF THE 4TH |
Boston Rebels batting - Pitching for Los Angeles Bruins : LHP Ramiro Jiménez
|
Batting: LHB Bill Wilson
|
0-0: Ball 1-0: Called Strike 1-1: Called Strike 1-2: Strikes out swinging
|
Batting: LHB Stanley Mullins
|
0-0: Ball 1-0: Ball 2-0: Called Strike 2-1: Fly out, F8 (Flyball, 8LS)
|
Batting: LHB Lorenzo Flores
|
0-0: Ball 1-0: Swinging Strike 1-1: Called Strike 1-2: Foul Ball, location: 2F 1-2: Ground out 4-3 (Groundball, 34)
|
Bottom of the 4th over - 0 run(s), 0 hit(s), 0 error(s), 0 left on base; Los Angeles 5 - Boston 1 |
TOP OF THE 5TH |
Los Angeles Bruins batting - Pitching for Boston Rebels : LHP Dave Huot
|
Pitching: RHP Lorenzo Vargas
|
|
Batting: RHB Rubén Calderón
|
0-0: Called Strike 0-1: Swinging Strike 0-2: Strikes out swinging
|
Batting: RHB Morgan Gibbon
|
0-0: Ball 1-0: Ball 2-0: Called Strike 2-1: Swinging Strike 2-2: Fly out, F3 (Popup, 34D)
|
Batting: LHB José Antonio Santiago
|
0-0: Ball 1-0: Ground out 1-3 (Groundball, 25)
|
Top of the 5th over - 0 run(s), 0 hit(s), 0 error(s), 0 left on base; Los Angeles 5 - Boston 1 |
BOTTOM OF THE 5TH |
Boston Rebels batting - Pitching for Los Angeles Bruins : LHP Ramiro Jiménez
|
Batting: SHB Javier Villegas
|
0-0: Ball 1-0: Called Strike 1-1: Called Strike 1-2: Ball 2-2: Ball 3-2: Foul Ball, location: 2F 3-2: SINGLE (Flyball, 7LM)
|
Batting: RHB Rubén Matos
|
0-0: SINGLE (Line Drive, 8RS) Javier Villegas to second Runner from 2nd tries for 3rd, SAFE, no throw or cutoff
|
Batting: LHB Jeff Gordon
|
0-0: Called Strike 0-1: Swinging Strike 0-2: Foul Ball, location: 2F 0-2: Foul Ball, location: 2F 0-2: Foul Ball, location: 2F 0-2: Strikes out swinging
|
Batting: LHB Bill Wilson
|
0-0: Swinging Strike 0-1: Called Strike 0-2: Ball 1-2: Fly out, F9 (Flyball, 89XD) Runner from 3rd tags up, SCORES, no throw
|
Batting: SHB Álex Rosado
|
0-0: Ball 1-0: SINGLE (Line Drive, 56) Rubén Matos to second
|
Batting: RHB Ronnie Brown
|
0-0: Called Strike 0-1: SINGLE (Flyball, 89S) Rubén Matos to third Álex Rosado to second Runner from 3rd tries for Home, SAFE, throw made home Álex Rosado to third Ronnie Brown to second
|
Batting: LHB Bill Wilson
|
0-0: Called Strike 0-1: Called Strike 0-2: Foul Ball, location: 2F 0-2: Ball 1-2: Ball 2-2: Ball 3-2: Strikes out swinging
|
Bottom of the 5th over - 2 run(s), 4 hit(s), 0 error(s), 2 left on base; Los Angeles 5 - Boston 3 |
TOP OF THE 6TH |
Los Angeles Bruins batting - Pitching for Boston Rebels : RHP Lorenzo Vargas
|
Batting: RHB Gregg Nelson
|
0-0: Ball 1-0: Ball 2-0: SINGLE (Line Drive, 78M)
|
Batting: SHB Miguel González
|
0-0: Called Strike 0-1: Ball 1-1: Ball 2-1: Ground out 1-3 (Groundball, 4S) Gregg Nelson to second
|
Batting: RHB Shih-k'ai Huang
|
0-0: Ball 1-0: Called Strike 1-1: Foul Ball, location: 2F 1-2: Ball 2-2: Strikes out swinging
|
Batting: SHB Ramón Lugo
|
0-0: Ball 1-0: Ball 2-0: Called Strike 2-1: Foul Ball, location: 2F 2-2: Ball 3-2: Base on Balls
|
Batting: RHB Tom Doherty
|
0-0: Called Strike 0-1: Foul Ball, location: 2F 0-2: Ball 1-2: Ball 2-2: Strikes out swinging
|
Top of the 6th over - 0 run(s), 1 hit(s), 0 error(s), 2 left on base; Los Angeles 5 - Boston 3 |
BOTTOM OF THE 6TH |
Boston Rebels batting - Pitching for Los Angeles Bruins : LHP Ramiro Jiménez
|
Batting: LHB Stanley Mullins
|
0-0: Ball 1-0: Called Strike 1-1: Ball 2-1: Foul Ball, location: 2F 2-2: Foul Ball, location: 2F 2-2: Ground out 4-3 (Groundball, 4)
|
Batting: LHB Lorenzo Flores
|
0-0: Ball 1-0: Called Strike 1-1: Ball 2-1: Foul Ball, location: 2F 2-2: Ball 3-2: Strikes out looking
|
Batting: SHB Javier Villegas
|
0-0: Foul Ball, location: 2F 0-1: Swinging Strike 0-2: Ground out 4-3 (Groundball, 4)
|
Bottom of the 6th over - 0 run(s), 0 hit(s), 0 error(s), 0 left on base; Los Angeles 5 - Boston 3 |
TOP OF THE 7TH |
Los Angeles Bruins batting - Pitching for Boston Rebels : RHP Lorenzo Vargas
|
Pitching: RHP Jorge Delgado
|
|
Batting: LHB Richard Hunter
|
0-0: Ball 1-0: Ball 2-0: Ball 3-0: DOUBLE (Line Drive, 5L)
|
Batting: RHB Rubén Calderón
|
0-0: Intentional Walk
|
Pinch Hitting: LHB David Richardson
|
0-0: Called Strike 0-1: Ball 1-1: Ball 2-1: Fielders Choice at 2nd, 3-6 (Groundball, 3) Richard Hunter to third
|
Pitching: LHP Yoshihiro Hasegawa
|
|
Batting: LHB José Antonio Santiago
|
0-0: Called Strike 0-1: Fly out, F9 (Flyball, 89D) Runner from 3rd tags up, SCORES, no throw
|
Pitching: RHP Takafumi Ogusuku
|
|
Batting: RHB Gregg Nelson
|
0-0: Ball 1-0: Foul Ball, location: 2F 1-1: Foul Ball, location: 2F 1-2: Ball 2-2: Fly out, F3 (Popup, 3DF)
|
Top of the 7th over - 1 run(s), 1 hit(s), 0 error(s), 1 left on base; Los Angeles 6 - Boston 3 |
BOTTOM OF THE 7TH |
Boston Rebels batting - Pitching for Los Angeles Bruins : LHP Ramiro Jiménez
|
Pitching: RHP José Valdéz
|
|
Now at 3B: Damon Mitchell
|
|
Batting: RHB Rubén Matos
|
0-0: Called Strike 0-1: Foul Ball, location: 2F 0-2: Foul Ball, location: 2F 0-2: Ball 1-2: Foul Ball, location: 2F 1-2: Ball 2-2: Ball 3-2: Foul Ball, location: 2F 3-2: Strikes out swinging
|
Batting: LHB Jeff Gordon
|
0-0: Ball 1-0: SOLO HOME RUN (Flyball, 7D), Distance : 389 ft
|
Batting: LHB Bill Wilson
|
0-0: Called Strike 0-1: Ball 1-1: Foul Ball, location: 2F 1-2: Strikes out swinging
|
Batting: SHB Álex Rosado
|
0-0: Called Strike 0-1: SINGLE (Groundball, 34D)
|
Batting: RHB Ronnie Brown
|
0-0: Ball 1-0: Ground out 6-3 (Groundball, 56)
|
Bottom of the 7th over - 1 run(s), 2 hit(s), 0 error(s), 1 left on base; Los Angeles 6 - Boston 4 |
TOP OF THE 8TH |
Los Angeles Bruins batting - Pitching for Boston Rebels : RHP Takafumi Ogusuku
|
Batting: SHB Miguel González
|
0-0: Swinging Strike 0-1: Called Strike 0-2: Ball 1-2: Ball 2-2: Foul Ball, location: 2F 2-2: Ball 3-2: Foul Ball, location: 2F 3-2: Foul Ball, location: 2F 3-2: Foul Ball, location: 2F 3-2: SINGLE (Line Drive, 4MD)
|
Batting: RHB Shih-k'ai Huang
|
0-0: Swinging Strike 0-1: Bunted foul 0-2: Fly out, F8 (Flyball, 8LXD)
|
Batting: SHB Ramón Lugo
|
0-0: Called Strike 0-1: Fly out, F7 (Popup, 78S)
|
Batting: RHB Tom Doherty
|
0-0: Foul Ball, location: 2F 0-1: Ball 1-1: Foul Ball, location: 2F 1-2: Ground out 4-3 (Groundball, 34D)
|
Top of the 8th over - 0 run(s), 1 hit(s), 0 error(s), 1 left on base; Los Angeles 6 - Boston 4 |
BOTTOM OF THE 8TH |
Boston Rebels batting - Pitching for Los Angeles Bruins : RHP José Valdéz
|
Batting: LHB Bill Wilson
|
0-0: Called Strike 0-1: Called Strike 0-2: Strikes out swinging
|
Batting: LHB Stanley Mullins
|
0-0: Ball 1-0: Called Strike 1-1: Foul Ball, location: 2F 1-2: Strikes out swinging
|
Batting: LHB Lorenzo Flores
|
0-0: Called Strike 0-1: Foul Ball, location: 2F 0-2: Ball 1-2: Strikes out swinging
|
Bottom of the 8th over - 0 run(s), 0 hit(s), 0 error(s), 0 left on base; Los Angeles 6 - Boston 4 |
TOP OF THE 9TH |
Los Angeles Bruins batting - Pitching for Boston Rebels : RHP Takafumi Ogusuku
|
Batting: LHB Richard Hunter
|
0-0: Ball 1-0: Called Strike 1-1: Called Strike 1-2: Ball 2-2: Ball 3-2: Base on Balls
|
Batting: RHB Rubén Calderón
|
0-0: Called Strike 0-1: Ball 1-1: Called Strike 1-2: Grounds into double play, U6-3 (Groundball, 6M)
|
Batting: LHB Damon Mitchell
|
0-0: Called Strike 0-1: Swinging Strike 0-2: Ball 1-2: Ball 2-2: Ground out 3-1 (Groundball, 34)
|
Top of the 9th over - 0 run(s), 0 hit(s), 0 error(s), 0 left on base; Los Angeles 6 - Boston 4 |
BOTTOM OF THE 9TH |
Boston Rebels batting - Pitching for Los Angeles Bruins : RHP José Valdéz
|
Pitching: RHP Joe Cameron
|
|
Batting: SHB Javier Villegas
|
0-0: Called Strike 0-1: Ground out 6-3 (Groundball, 6S)
|
Batting: RHB Rubén Matos
|
0-0: Called Strike 0-1: Ball 1-1: Ball 2-1: Ball 3-1: Called Strike 3-2: SINGLE (Groundball, 56D)
|
Batting: LHB Jeff Gordon
|
0-0: Ground out 3-1 (Groundball, 34S) Rubén Matos to second
|
Batting: LHB Bill Wilson
|
0-0: Called Strike 0-1: Ball 1-1: Ball 2-1: Swinging Strike 2-2: Foul Ball, location: 2F 2-2: Ball 3-2: Strikes out swinging
|
Bottom of the 9th over - 0 run(s), 1 hit(s), 0 error(s), 1 left on base; Los Angeles 6 - Boston 4 |
|